 Dungeon Crawl Stone Soup version 0.29.1-1-gd02db6906a (webtiles) character file.

Game seed: 8724474566874037579

2216 FastidiousMonk the Zephyrmancer (level 9, -1/83 HPs)
             Began as a Pale Draconian Air Elementalist on Sept 30, 2022.
             Slain by Maggie
             ... wielding a +0 long sword
              (7 damage)
             ... on level 6 of the Dungeon.
             The game lasted 01:33:02 (9560 turns).

FastidiousMonk the Zephyrmancer (DrAE)              Turns: 9560, Time: 01:33:04

Health: -1/83      AC:  8    Str: 17    XL:     9   Next: 13%
Magic:  12/12      EV: 12    Int: 20    God:
Gold:   195        SH:  0    Dex: 11    Spells: 11/12 levels left

rFire   + . .      SeeInvis +   a - staff of air
rCold   . . .      Faith    .   (no shield)
rNeg    . . .      Spirit   .   (body armour unavailable)
rPois   +          Reflect  .   (helmet restricted)
rElec   +          Harm     .   (no cloak)
rCorr   .          Rampage  .   z - +0 pair of gloves
Will    .....                   (no boots)
Stlth   ++........              I - amulet of magic regeneration
HPRegen 0.23/turn               H - +6 ring of strength
MPRegen 0.53/turn               l - ring of Fogaulib {rPois rF+ SInv}

@: mesmerised
A: breathe steam, AC +7, unfitting armour, cold-blooded, steam resistance
a: Breathe Steam


You were on level 6 of the Dungeon.
You visited 1 branch of the dungeon, and saw 6 of its levels.

You collected 195 gold pieces.

Inventory:

Hand Weapons
 b - a +0 sling
 c - a +1 trident of venom
 k - a +1 vorpal mace
 C - a +4 club
Missiles
 v - 38 stones (quivered)
 F - 5 curare-tipped darts
 L - a throwing net
Armour
 z - a +0 pair of gloves (worn)
Magical Staves
 a - a staff of air (weapon)
 g - a staff of death
Jewellery
 l - the ring of Fogaulib (right hand) {rPois rF+ SInv}
   (You found it on level 5 of the Dungeon)

   [ring of poison resistance]

   rF:        It protects you from fire.
   rPois:     It protects you from poison.
   SInv:      It lets you see invisible.
 t - a ring of wizardry
 D - an amulet of the acrobat
 H - a +6 ring of strength (left hand)
 I - an amulet of magic regeneration (around neck)
Wands
 B - a wand of roots (3)
 E - a wand of acid (11)
Scrolls
 e - a scroll of brand weapon
 p - a scroll of enchant weapon
 q - 3 scrolls of teleportation
 r - a scroll of identify
 y - a scroll of butterflies {unknown}
 K - a scroll of amnesia
Potions
 d - a potion of magic
 f - a potion of brilliance {unknown}
 h - 3 potions of curing
 i - a potion of resistance {unknown}
 j - 3 potions of attraction
 m - a potion of invisibility {unknown}
 n - 2 potions of flight {unknown}
 o - 2 potions of mutation {unknown}
 s - a potion of might {unknown}
 u - a potion of ambrosia {unknown}
 w - 2 potions of heal wounds {unknown}
 x - 2 potions of cancellation {unknown}


   Skills:
 * Level 9.3 Fighting
 - Level 1.7 Dodging
 - Level 1.7 Stealth
 - Level 2.0 Spellcasting
 - Level 1.0 Conjurations
 - Level 10.0 Air Magic


You had 11 spell levels left.
You knew the following spells:

 Your Spells              Type           Power      Damage    Failure   Level
a - Shock                 Conj/Air       100%       1d9       1%          1

Your spell library contained the following spells:

 Spells                   Type           Power      Damage    Failure   Level
 Swiftness                Air            58%        N/A       1%          3
 Static Discharge         Conj/Air       36%        3-8/arc   2%          2
 Airstrike                Air            29%        2d(5-21)  2%          4
 Magic Dart               Conj           24%        1d4       11%         1
 Beastly Appendage        Tmut           4%         N/A       16%         1
 Searing Ray              Conj           12%        2d4       16%         2
 Ensorcelled Hibernation  Hex/Ice        4%         N/A       24%         2
 Passwall                 Tmut/Erth      1%         N/A       24%         2
 Wereblood                Tmut           2%         N/A       24%         2
 Frozen Ramparts          Ice            4%         1d1       43%         3
 Ignite Poison            Fire/Tmut/Pois 2%         N/A       43%         3
 Spider Form              Tmut/Pois      2%         N/A       43%         3
 Fulminant Prism          Conj/Hex       2%         3d6       77%         4
 Sticky Flame             Conj/Fire      4%         2d3       77%         4
 Ice Form                 Ice/Tmut       2%         N/A       83%         4
 Summon Ice Beast         Ice/Summ       2%         N/A       83%         4
 Chain Lightning          Conj/Air       18%        3d24      100%        9


Dungeon Overview and Level Annotations

Branches:
Dungeon (6/15)
 Temple: D:4-7

Altars:
Cheibriados
Fedhas
Makhleb
Ru
Wu Jian

Shops:
D:6 [

Annotations:
D:1 Altars-UnkonwnGod, D:3 Altars-WuJianCouncil,Cheibriados
D:6 Shops, Maggie


Innate Abilities, Weirdness & Mutations

You can breathe blasts of scalding, opaque steam.
Your pale cyan-grey scales are hard. (AC +7)
You cannot fit into any form of body armour.
You are cold-blooded and may be slowed by cold attacks.
You are immune to the effects of steam.


Message History

Aim: Maggie, wielding a +0 long sword and wearing +0 swamp dragon scales (steam, moderately wounded, 77% to hit)
Okay, then.
Aiming: Breathe Steam (1% risk of failure)
Press: ? - help, Shift-Dir - straight line, f/p - Maggie
Aim: Maggie, wielding a +0 long sword and wearing +0 swamp dragon scales (steam, moderately wounded, 75% to hit)
You exhale a blast of scalding steam.
The ball of steam misses Maggie.
Maggie is engulfed in a cloud of scalding steam.
You barely miss Maggie.
Maggie is heavily wounded.
Maggie is engulfed in a cloud of scalding steam.
Maggie closely misses you.
Maggie is engulfed in a cloud of scalding steam.
Maggie barely misses you.
You closely miss Maggie.
Maggie is severely wounded.
Maggie hits you with a +0 long sword.
* * * LOW HITPOINT WARNING * * *
You hit Maggie.
Maggie is electrocuted.
Maggie is severely wounded.
Maggie casts a spell.
Maggie attempts to bespell you!
You are mesmerised by Maggie!
You hit Maggie but do no damage.
Maggie is electrocuted.
Maggie is almost dead.
Maggie hits you with a +0 long sword.
* * * LOW HITPOINT WARNING * * *
You hit Maggie but do no damage.
Maggie is electrocuted.
You tail-slap Maggie, but do no damage.
Maggie is almost dead.
You have got your breath back.
Maggie gestures at you while chanting. The bolt of fire hits you. You resist.
* * * LOW HITPOINT WARNING * * *
You hit Maggie but do no damage.
Maggie is almost dead.
Maggie says, "Leave now, and tell all of Margery's mercy!"
Maggie hits you with a +0 long sword.
* * * LOW HITPOINT WARNING * * *
Maggie hits you with a +0 long sword!
You die...

..........# #.#.....#
#.........###### #.#.....#
#..............####∩#.....#######
#.................≈.#.....#.....#
#.................≈.#.####.......
.............)....#<#####...###..
#.................#.#......####
#....)..####...#..#.#.....#.#.##
#.####..#@...##@@##'#...).##...##
#. #....##....###..)...##..⌠..#
.. #...######## ######.###...## .
#.......))#### ##.##..## .
#..######....#######.###..#
#..##.....##......##.#.8.8##
..#).##.#)............###....#
..'......#.#.#######..##.....#
..##)##.)#####.#######.8.....8


You could see Maggie (mesmerising).

Vanquished Creatures
  Sigmund (D:4)
  2 ice beasts (D:5)
  2 black bears
  6 ogres
  A centaur (D:6)
  A phantom (D:4)
  A necrophage (D:5)
  A scorpion (D:6)
  A bullfrog (D:6)
  3 killer bees (D:6)
  A howler monkey (D:5)
  4 orc priests
  2 hounds
  2 jellies
  Ijyb (D:3)
  2 iguanas (D:5)
  4 orc wizards
  7 gnolls
  8 adders
  3 ufetubi
  5 worms
  11 dart slugs
  18 orcs
  8 ball pythons
  9 bats
  9 endoplasms
  A giant cockroach (D:1)
  7 goblins
  4 hobgoblins
  9 kobolds
  9 quokkas
  3 frilled lizards
  2 rats (D:1)
148 creatures vanquished.

Notes
Turn   | Place    | Note
-------+----------+-------------------------------------------
     0 | D:1      | FastidiousMonk the Draconian Air Elementalist began the
                  | quest for the Orb.
     0 | D:1      | Reached XP level 1. HP: 14/14 MP: 3/3
   461 | D:1      | Reached XP level 2. HP: 20/20 MP: 5/5
   573 | D:1      | Found a faded altar of an unknown god.
   999 | D:1      | Reached skill level 4 in Air Magic
  1600 | D:2      | Reached XP level 3. HP: 26/26 MP: 0/6
  2488 | D:2      | Reached XP level 4. HP: 33/33 MP: 5/7
  2520 | D:2      | Reached skill level 5 in Air Magic
  3109 | D:3      | Found an ornate altar of the Wu Jian Council.
  3466 | D:3      | Noticed Ijyb
  3479 | D:3      | Killed Ijyb
  3480 | D:3      | Reached XP level 5. HP: 5/38 MP: 1/8
  3835 | D:3      | Reached skill level 6 in Air Magic
  4505 | D:3      | Found a snail-covered altar of Cheibriados.
  6025 | D:4      | Noticed Sigmund
  6045 | D:4      | Killed Sigmund
  6046 | D:4      | Reached skill level 7 in Air Magic
  6046 | D:4      | Reached XP level 6. HP: 24/45 MP: 6/9
  6500 | D:4      | Reached skill level 1 in Fighting
  6562 | D:4      | Your scales start taking on a pale cyan-grey colour.
  6562 | D:4      | Reached skill level 8 in Air Magic
  6562 | D:4      | Reached XP level 7. HP: 35/56 MP: 7/10
  6562 | D:4      | Gained mutation: You are immune to the effects of steam.
                  | [Pale Draconian growth]
  7267 | D:5      | Entered Level 5 of the Dungeon
  7274 | D:5      | Found a sacrificial altar of Ru.
  7283 | D:5      | Got the Monograph on the Ruinous Spider
  7478 | D:5      | Reached skill level 9 in Air Magic
  7649 | D:5      | Identified the ring of Fogaulib {rPois rF+ SInv}
  7691 | D:5      | Reached skill level 5 in Fighting
  7705 | D:5      | Reached XP level 8. HP: 69/69 MP: 11/11
  8251 | D:5      | Found a burning altar of Makhleb.
  8617 | D:6      | Reached skill level 10 in Air Magic
  9148 | D:6      | Reached XP level 9. HP: 82/82 MP: 9/12
  9229 | D:6      | Found Naijamet's Antique Armour Boutique.
  9431 | D:6      | Found a blossoming altar of Fedhas.
  9431 | D:6      | Noticed Maggie
  9460 | D:6      | HP: 4/83 [poisoned by an orc wizard]
  9560 | D:6      | Slain by Maggie

Illustrated notes

Levels and vault maps discovered:
D:1:      lightli_arrival_quake, layout_loops_ring,
          shapermc_ecumenical_altar_venn
D:2:      layout_rooms
D:3:      kennysheep_slugbush, layout_loops_ring, mainiacjoe_overflow_boulevard,
          slow_altar_1, serial_glass, glass_columns_a, glass_columns_b,
          glass_columns_a, glass_columns_c, glass_columns_b, glass_columns_c,
          glass_columns_b, glass_columns_a, minmay_misc_feat_secret_circle,
          uniq_ijyb
D:4:      layout_loops_ring, uniq_sigmund
D:5:      layout_rooms, nicolae_overflow_crystal_walls, kennysheep_little_box
D:6:      hellmonk_crumbling_castle, layout_basic, nicolae_vehumet_altar_sigil,
          old_standard_altar, serial_shops, nicolae_shop_hallway_stairs,
          uniq_maggie

Skill      XL: |  1  2  3  4  5  6  7  8  9 |
---------------+----------------------------+-----
Air Magic      | 4 5 7 8 9 10 | 10.0
Fighting       | 2 5 8 9 |  9.3
Dodging        | |  1.7
Stealth        | |  1.7
Spellcasting   | |  2.0
Conjurations   | |  1.0

Action                   |  1- 3 |  4- 6 |  7- 9 || total
-------------------------+-------+-------+-------++-------
Melee: Trident           |    66 |    80 |       ||   146
       Tailslap          |     7 |     4 |     9 ||    20
       Staff             |       |       |    69 ||    69
 Cast: Shock             |    65 |   118 |   155 ||   338
 Abil: Breathe Steam     |       |       |    21 ||    21
  Use: Scroll            |       |     5 |     5 ||    10
       Potion            |       |     1 |       ||     1
Armor: Skin              |    15 |    43 |    29 ||    87
Dodge: Dodged            |    39 |    66 |    56 ||   161
